 Dungeon Crawl Stone Soup version 0.18.1-6-gd335043 (webtiles) character file.

13237 Mefis the Thaumaturge (level 11, -5/57 HPs)
             Began as a Deep Elf Wizard on May 20, 2016.
             Was a High Priest of Sif Muna.
             Shot with an arrow by a centaur warrior (15 damage)
             ... on level 11 of the Dungeon.
             The game lasted 01:20:24 (18637 turns).

Mefis the Thaumaturge (Deep Elf Wizard)            Turns: 18637, Time: 01:20:25

Health: -5/57      AC: 15    Str:  4    XL:     11   Next: 72%
Magic:  3/25       EV: 20    Int: 31    God:    Sif Muna [*****.]
Gold:   604        SH:  4    Dex: 13    Spells: 9 memorised, 3 levels left

rFire  . . .     SeeInvis +     o - +5 hunting sling (evade)
rCold  x . .     Gourm    .     a - +0 robe
rNeg   + . .     Faith    .     R - +0 buckler
rPois  .         Spirit   .     H - +3 helmet of Nuwnucuc {+Blink rC- Int+4 Slay+6}
rElec  .         Dismiss  .     B - +0 cloak
rCorr  .         Reflect  .     u - +0 pair of gloves
SustAt .         Harm     .     J - +2 pair of boots
MR     +....                    (no amulet)
Stlth  +++++.....               q - +4 ring of protection
                                V - ring of Shadows {Umbra +Inv rN+ SInv}

@: wreathed by umbra, repel missiles, somewhat resistant to hostile
enchantments, quite stealthy
A: no striking features
a: Channel Energy, Forget Spell, Renounce Religion, Evoke Blink, Evoke
Invisibility


You were on level 11 of the Dungeon.
You worshipped Sif Muna.
Sif Muna was extremely pleased with you.
You were not hungry.

You visited 3 branches of the dungeon, and saw 13 of its levels.

You collected 747 gold pieces.
You spent 143 gold pieces at shops.

Inventory:

Hand Weapons
 m - a +0 short sword
 o - a +5 hunting sling of evasion (weapon)
 r - a +0 blowgun
 A - a +4 quarterstaff of chaos
 Y - a +0 demon whip of venom
Missiles
 b - 7 javelins
 i - 35 sling bullets (quivered)
 k - 4 curare-tipped needles
 l - 3 throwing nets
Armour
 a - a +0 robe (worn)
 u - a +0 pair of gloves (worn)
 B - a +0 cloak (worn)
 H - the +3 helmet of Nuwnucuc (worn) {+Blink rC- Int+4 Slay+6}
   (You found it on level 4 of the Dungeon)

   It affects your intelligence (+4).
   It affects your accuracy and damage with ranged weapons and melee attacks
   (+6).
   It makes you vulnerable to cold.
   It lets you blink.
 J - a +2 pair of boots (worn)
 R - a +0 buckler (worn)
Jewellery
 h - a cursed ring of teleportation {unknown}
 q - a +4 ring of protection (right hand)
 V - the ring of Shadows (left hand) {Umbra +Inv rN+ SInv}
   (You found it on level 6 of the Dungeon)

   [ring of positive energy]

   It protects you from negative energy.
   It lets you see invisible.
   It lets you turn invisible.
Wands
 M - a wand of digging (1/24)
Scrolls
 j - a scroll of identify
 s - 8 scrolls of teleportation
 y - 5 scrolls of magic mapping
 E - a scroll of noise {unknown}
 F - 3 scrolls of remove curse
 Z - 2 scrolls of fog
Potions
 e - 2 potions of curing {unknown}
 f - 2 potions of brilliance
 x - 4 potions of flight
 K - 2 potions of agility
 L - 4 potions of lignification
 P - 2 potions of haste
 Q - 2 potions of might
 X - a potion of resistance {unknown}
Books
 c - a book of Minor Magic

   Spells                             Type                      Level
   a - Magic Dart                     Conjuration                  1
   b - Blink                          Translocation                2
   c - Call Imp                       Summoning                    2
   d - Repel Missiles                 Charms/Air                   2
   e - Slow                           Hexes                        2
   f - Conjure Flame                  Conjuration/Fire             3
   g - Mephitic Cloud                 Conjuration/Poison/Air       3
 p - a book of Spatial Translocations

   Spells                             Type                      Level
   a - Apportation                    Translocation                1
   b - Blink                          Translocation                2
   c - Shroud of Golubria             Charms/Translocation         2
   d - Portal Projectile              Translocation                3
   e - Teleport Other                 Translocation                3
   f - Passage of Golubria            Translocation                4
Comestibles
 d - 5 bread rations
 g - a slice of pizza
 n - 3 beef jerkies
 t - 4 chunks of flesh
 N - 5 fruits
 T - 7 meat rations


   Skills:
 + Level 2.0 Fighting
 + Level 2.4 Throwing
 + Level 7.0 Dodging
 + Level 7.3 Stealth
 - Level 3.2 Shields
 + Level 8.7 Spellcasting
 + Level 6.3 Conjurations
 - Level 5.5 Hexes
 + Level 6.2 Charms
   Level 5.4 Summonings
 + Level 4.8 Translocations
 * Level 3.9 Transmutations
 - Level 4.5 Fire Magic
 * Level 8.4 Poison Magic
 - Level 4.4 Invocations
 + Level 3.5 Evocations


You had 3 spell levels left.
You knew the following spells:

 Your Spells              Type           Power        Failure   Level  Hunger
a - Magic Dart            Conj           ####         1%          1    None
c - Blink                 Tloc           N/A          1%          2    None
d - Repel Missiles        Chrm/Air       ####..       1%          2    None
e - Mephitic Cloud        Conj/Pois/Air  #####...     1%          3    None
g - Slow                  Hex            #####...     1%          2    None
l - Shroud of Golubria    Chrm/Tloc      #####.....   1%          2    None
q - Alistair's Intoxicat  Trmt/Pois      ######..     12%         5    ####...
x - Passage of Golubria   Tloc           N/A          6%          4    None
Q - Ignite Poison         Fire/Trmt/Pois #####...     1%          3    None


Dungeon Overview and Level Annotations

Branches:
Dungeon (11/15)            Temple (1/1) D:6            Lair (1/8) D:10
    Orc (0/2) D:10

Altars:
Ashenzari
Cheibriados
Dithmenos
Elyvilon
Fedhas
Gozag
Kikubaaqudgha
Makhleb
Nemelex Xobeh
Okawaru
Pakellas
Qazlal
Ru
Sif Muna
Trog
Vehumet
Xom
Yredelemnul
Zin
The Shining One
Beogh

Shops:
D:5 *

Annotations:
D:8 exclusion: statue


Message History

Drink which item? (? for menu, Esc to quit)
Okay, then.
Read which item? (? for menu, Esc to quit)
Okay, then.
Casting: Mephitic Cloud
Confirm with . or Enter, or press ? or * to list all spells.
You feel protected from missiles.
The centaur warrior is engulfed in roaring flames.
The centaur warrior shoots an arrow.
The arrow misses you.
Casting: Repel Missiles
Confirm with . or Enter, or press ? or * to list all spells.
Aiming: Mephitic Cloud
Press: ? - help, Shift-Dir - straight line, f/p - centaur warrior
Aim: a centaur warrior, wielding a longbow (flame, severely wounded, umbra)
The ball explodes into a vile cloud!
The stinking cloud engulfs the centaur warrior.
The centaur warrior is severely wounded.
The centaur warrior is engulfed in roaring flames.
The centaur warrior shoots an arrow.
The arrow hits you!
You die...

#.# #.# #...# #.#
##.##### ###.# ##.#
#......# #..# ...#
#......# #.## .###
#......# #.# .#
#.....## #†# .#
#.....# #.#
.###########.########
#.#
.#(.............@)§§#
#.#
.#.#########.######c#
#.# .#(# #.# #.# #.#
.#)# #.# #.# #.# .#.#
#.# ##9# #.# .#)#
#.#####(#.# #.# .#(##
#.##..(###.# #.#
....# ..##c##.#.(#
#.# ##).#<#### #
#.#.# #.#


You could see a centaur warrior.

Vanquished Creatures
  A hydra (D:11)
  A hill giant (D:10)
  2 orc knights (D:10)
  An ugly thing (D:11)
  4 gargoyles
  Psyche (D:9)
  A kobold demonologist (D:11)
  A troll (D:11)
  The ghost of CrazyArbalest the Bolt Thrower, an amateur MiHu (D:4)
  Prince Ribbit (D:9)
  A spriggan (D:11)
  2 wyverns
  10 yaks
  3 hippogriffs
  2 water moccasins
  2 ice beasts
  8 orc warriors
  4 sky beasts
  2 phantoms
  3 ogres
  12 centaurs
  3 crocodiles
  A big kobold (D:11)
  5 giant frogs
  4 scorpions
  8 killer bees
  5 wights (D:11)
  6 crimson imps
  A centaur zombie (D:5)
  2 jellies
  5 orc priests
  3 hounds
  Crazy Yiuf (D:2)
  13 orc wizards
  3 giant frog skeletons
  13 worker ants
  2 killer bee zombies (D:9)
  A hound zombie (D:6)
  3 hound skeletons
  3 worker ant zombies
  14 adders
  7 gnolls
  3 river rats (D:10)
  3 shadow imps
  An adder zombie (D:5)
  2 adder skeletons
  4 worms
  4 dart slugs (D:1)
  7 giant geckos
  44 orcs
  2 ball pythons
  4 giant cockroaches
  9 goblins
  10 hobgoblins
  12 jackals
  8 quokkas
  A ball python skeleton (D:4)
  18 bats
  4 giant newts
  17 kobolds
  A quokka skeleton (D:8)
  24 rats
344 creatures vanquished.

Vanquished Creatures (collateral kills)
  A deep elf mage (D:8)
  A giant gecko (D:1)
  An orc (D:8)
  2 giant cockroaches
5 creatures vanquished.

Vanquished Creatures (others)
  11 fungi (D:10)
11 creatures vanquished.

Grand Total: 360 creatures vanquished

Notes
Turn   | Place    | Note
--------------------------------------------------------------
     0 | D:1      | Mefis the Deep Elf Wizard began the quest for the Orb.
     0 | D:1      | Reached XP level 1. HP: 10/10 MP: 7/7
   288 | D:1      | Reached XP level 2. HP: 9/15 MP: 1/9
   295 | D:1      | Learned a level 2 spell: Call Imp
   298 | D:1      | Learned a level 2 spell: Blink
   301 | D:1      | Learned a level 2 spell: Repel Missiles
   411 | D:1      | Reached skill level 5 in Spellcasting
   730 | D:1      | Reached XP level 3. HP: 19/19 MP: 1/11
   735 | D:1      | Learned a level 3 spell: Mephitic Cloud
  1406 | D:2      | Found a stormy altar of Qazlal.
  2036 | D:2      | Reached XP level 4. HP: 24/24 MP: 10/13
  2041 | D:2      | Learned a level 3 spell: Conjure Flame
  2148 | D:2      | Found a deep blue altar of Sif Muna.
  2156 | D:2      | Became a worshipper of Sif Muna the Loreminder
  2373 | D:2      | Reached skill level 1 in Poison Magic
  2813 | D:2      | Noticed Crazy Yiuf
  2833 | D:2      | Killed Crazy Yiuf
  3026 | D:3      | Reached XP level 5. HP: 28/28 MP: 10/14
  3225 | D:3      | Reached skill level 1 in Fire Magic
  3759 | D:3      | Found a glowing silver altar of Zin.
  3775 | D:3      | Noticed an angel
  3790 | D:3      | Found a blossoming altar of Fedhas.
  4824 | D:4      | Reached XP level 6. HP: 26/32 MP: 8/16
  5156 | D:4      | Got a fine helmet
  5167 | D:4      | Identified the +3 helmet of Nuwnucuc {+Blink rC- Int+4 Slay+6} (You found it on level 4 of the Dungeon)
  5442 | D:4      | Noticed CrazyArbalest's ghost (amateur MiHu)
  5725 | D:4      | Reached skill level 1 in Invocations
  6076 | D:4      | Killed CrazyArbalest's ghost
  6076 | D:4      | Reached * piety under Sif Muna
  6076 | D:4      | Reached XP level 7. HP: 36/36 MP: 3/17
  6685 | D:5      | Entered Level 5 of the Dungeon
  6788 | D:5      | Found Ysabyl's General Store.
  6946 | D:5      | Found a shadowy altar of Dithmenos.
  7019 | D:5      | Bought a potion of haste for 130 gold pieces
  7019 | D:5      | Bought a potion of degeneration for 13 gold pieces
  7171 | D:5      | Reached XP level 8. HP: 41/41 MP: 11/19
  7370 | D:5      | Learned a level 2 spell: Slow
  7605 | D:5      | Found a basalt altar of Yredelemnul.
  7605 | D:5      | Found a sacrificial altar of Ru.
  7648 | D:6      | Reached skill level 1 in Hexes
  7732 | D:6      | Reached skill level 5 in Conjurations
  7982 | D:6      | Found a sparkling altar of Nemelex Xobeh.
  8325 | D:6      | Reached ** piety under Sif Muna
  8429 | D:6      | Found a staircase to the Ecumenical Temple.
  8687 | Temple   | Entered the Ecumenical Temple
  9111 | D:7      | Found a stormy altar of Qazlal.
  9164 | D:7      | Found a deep blue altar of Sif Muna.
  9438 | D:7      | Reached skill level 5 in Poison Magic
  9550 | D:7      | Reached skill level 5 in Dodging
  9550 | D:7      | Reached skill level 5 in Stealth
  9696 | D:7      | Reached skill level 1 in Shields
  9696 | D:7      | Reached XP level 9. HP: 45/45 MP: 11/21
  9772 | D:7      | Found a bloodstained altar of Trog.
  9784 | D:7      | Noticed a gargoyle
 10139 | D:7      | Found a shattered altar of Ashenzari.
 10140 | D:7      | Found a white marble altar of Elyvilon.
 10325 | D:7      | Killed a gargoyle
 10515 | D:7      | Reached *** piety under Sif Muna
 11034 | D:8      | Found a shimmering altar of Xom.
 11048 | D:8      | Found a radiant altar of Vehumet.
 11166 | D:8      | Noticed a deep elf mage
 11210 | D:8      | Killed a deep elf mage
 11210 | D:8      | Reached skill level 5 in Hexes
 11385 | D:8      | Reached skill level 5 in Summonings
 11708 | D:8      | Learned a level 2 spell: Shroud of Golubria
 11713 | D:8      | Learned a level 4 spell: Passage of Golubria
 11752 | D:8      | Found a shimmering altar of Xom.
 11755 | D:8      | Found a shimmering altar of Xom.
 12016 | D:8      | Found a shimmering altar of Xom.
 12016 | D:8      | Found a shimmering altar of Xom.
 12016 | D:8      | Found a shimmering altar of Xom.
 12256 | D:8      | Reached skill level 1 in Charms
 12425 | D:8      | Reached XP level 10. HP: 31/50 MP: 10/23
 12946 | D:9      | Noticed Prince Ribbit
 13029 | D:9      | Noticed Psyche
 13077 | D:9      | Reached **** piety under Sif Muna
 13097 | D:9      | Killed Psyche
 13293 | D:9      | Found a snail-covered altar of Cheibriados.
 14046 | D:9      | Found an oddly glowing altar of Pakellas.
 14131 | D:10     | Entered Level 10 of the Dungeon
 14191 | D:10     | Learned a level 3 spell: Ignite Poison
 14199 | D:10     | Learned a level 5 spell: Alistair's Intoxication
 14255 | D:10     | Reached skill level 1 in Evocations
 14827 | D:9      | Killed Prince Ribbit
 15101 | D:10     | Found a staircase to the Lair.
 15126 | Lair:1   | Entered Level 1 of the Lair of Beasts
 15286 | D:10     | Noticed a hill giant
 15297 | D:10     | Killed a hill giant
 15297 | D:10     | Reached skill level 5 in Charms
 15297 | D:10     | Reached skill level 1 in Transmutations
 15352 | D:10     | Noticed an orc knight
 15387 | D:10     | Killed an orc knight
 15387 | D:10     | Reached XP level 11. HP: 48/55 MP: 7/25
 15402 | D:10     | Reached skill level 1 in Throwing
 15839 | D:10     | Noticed an orc knight
 15839 | D:10     | Found a roughly hewn altar of Beogh.
 15839 | D:10     | Found a staircase to the Orcish Mines.
 16073 | D:10     | Killed an orc knight
 16464 | D:11     | Reached skill level 1 in Fighting
 16655 | D:11     | Noticed a cyan ugly thing
 16893 | D:11     | Killed a cyan ugly thing
 17161 | D:11     | Reached ***** piety under Sif Muna
 17415 | D:11     | Noticed a centaur warrior
 17695 | D:11     | Noticed a seven-headed hydra
 17722 | D:11     | Killed a seven-headed hydra
 18637 | D:11     | Shot with an arrow by a centaur warrior

Skill      XL: |  1  2  3  4  5  6  7  8  9 10 11 |
---------------+----------------------------------+-----
Spellcasting   | 5 6 7 8 |  8.7
Stealth        | 3 4 5 6 7 |  7.3
Conjurations   | 2 3 4 5 6 |  6.3
Poison Magic   | 1 2 3 4 5 6 7 8 |  8.4
Summonings     | 2 3 4 5 |  5.4
Fire Magic     | 1 2 3 4 |  4.5
Dodging        | 3 4 5 6 7 |  7.0
Invocations    | 1 2 3 4 |  4.4
Hexes          | 3 5 |  5.5
Shields        | 1 2 3 |  3.2
Charms         | 1 5 6 |  6.2
Translocations | 4 |  4.8
Evocations     | 2 3 |  3.5
Transmutations | 1 3 |  3.9
Throwing       | 2 |  2.4
Fighting       | 2 |  2.0

Action                   |  1- 3 |  4- 6 |  7- 9 | 10-12 || total
-------------------------+-------+-------+-------+-------++-------
Melee: Unarmed           |     8 |       |       |       ||     8
       Short sword       |       |     5 |       |       ||     5
       Quarterstaff      |       |     7 |    35 |       ||    42
       Demon whip        |       |       |     3 |     8 ||    11
 Fire: Hunting sling     |       |    63 |    97 |   106 ||   266
Throw: Javelin           |       |       |       |     5 ||     5
 Cast: Magic Dart        |   105 |   196 |   354 |   316 ||   971
       Call Imp          |     1 |     3 |     3 |       ||     7
       Repel Missiles    |     1 |     1 |     1 |     3 ||     6
       Mephitic Cloud    |       |     4 |    35 |    97 ||   136
       Conjure Flame     |       |     7 |    12 |     2 ||    21
       Blink             |       |     1 |     4 |     3 ||     8
       Ignite Poison     |       |       |       |    47 ||    47
       Slow              |       |       |       |    14 ||    14
       Alistair's Intoxi |       |       |       |     3 ||     3
Invok: Channel Energy    |       |       |    16 |    52 ||    68
       Forget Spell      |       |       |       |     2 ||     2
  Use: Scroll            |       |     2 |     6 |     6 ||    14
       Potion            |       |       |       |     2 ||     2
 Stab: Confused          |       |     3 |     1 |     1 ||     5
  Eat: Chunk             |     3 |    12 |    16 |    16 ||    47
       Bread ration      |       |       |     1 |     2 ||     3
       Fruit             |       |       |     1 |     4 ||     5
Armor: Robe              |    12 |    18 |    50 |    41 ||   121
Dodge: Dodged            |    25 |    50 |    80 |   152 ||   307
       Deflected         |     1 |       |     1 |    10 ||    12
Block: Buckler           |       |       |       |    41 ||    41
